Map: Divergence LE

Players

AGONIST - Winner!

  • Race: Terran Terran
  • Spawn Location: 11:00

Lichtkrieger - Winner!

  • Race: Terran Terran
  • League: Diamond
  • Spawn Location: 11:00

qqq

  • Race: Zerg Zerg
  • League: Platinum
  • Spawn Location: 5:00

Massa

  • Race: Terran Terran
  • League: Gold
  • Spawn Location: 5:00

VOD

Have the link to the VOD?

Description

Time

  • Played on: April 27, 2020, 12:20 p.m.
  • Length: 7:22
Show
View Real Time Build Order
Export as new Build Order

AGONIST Terran - Winner!

Build Orders:  

Get SALT Encoding   

  12  0:04  SCV  
  13  0:19  SCV, Supply Depot  
  14  0:31  SCV  
  15  0:37  Refinery  
  15  0:40  Refinery  
  15  0:51  Barracks  
  15  0:57  SCV  
  16  1:09  SCV  
  17  1:17  Supply Depot  
  17  1:21  SCV  
  18  1:33  SCV  
  19  1:41  Factory  
  19  1:47  SCV  
  19  1:48  Marine  
  21  1:59  SCV  
  22  2:06  Marine  
  23  2:11  SCV  
  24  2:23  SCV  
  24  2:24  Marine  
  24  2:25  Factory Tech Lab  
  26  2:31  Starport  
  26  2:35  SCV  
  27  2:42  Marine  
  28  2:44  Siege Tank  
  31  2:53  Engineering Bay  
  31  3:00  Orbital Command  
  31  3:09  Supply Depot  
  31  3:13  Starport Reactor  
  31  3:15  Barracks Reactor  
  31  3:31  Siege Tank  
  34  3:35  Missile Turret  
  34  3:41  Supply Depot  
  34  4:01  Medivac x2  
  38  4:03  Siege Tank  
  38  4:07  Marine  
  38  4:08  Marine  
  43  4:25  Marine x2  
  45  4:35  Cyclone  
  48  4:43  Marine x2  
  50  4:48  Medivac x2  
  54  5:01  Marine x2  
  56  5:13  Command Center  
  56  5:43  Liberator x2  
  53  6:35  Marine x2  
  52  6:41  Siege Tank  
  55  6:53  Marine x2  
Show
View Real Time Build Order
Export as new Build Order

Lichtkrieger Terran - Winner!

Build Orders:  

Get SALT Encoding   

  12  0:03  SCV  
  13  0:15  SCV  
  13  0:20  Supply Depot  
  14  0:27  SCV  
  15  0:42  SCV  
  16  0:45  Barracks  
  16  0:54  SCV  
  17  1:06  SCV  
  18  1:17  Command Center  
  18  1:24  Refinery, SCV  
  19  1:32  Marine  
  19  1:37  Barracks  
  20  1:42  SCV  
  21  1:53  Marine  
  22  1:59  Orbital Command  
  22  2:14  Barracks Tech Lab  
  22  2:24  Bunker  
  22  2:27  Barracks Reactor  
  22  2:30  Orbital Command  
  22  2:31  Supply Depot  
  22  2:34  SCV  
  23  2:37  Marine  
  24  2:48  SCV  
  25  2:55  Marine  
  26  3:03  Marine x2  
  28  3:08  SCV x2  
  28  3:12  Refinery, Marine  
  31  3:21  SCV, Marine, Engineering Bay  
  31  3:23  Marine  
  34  3:30  Marine  
  35  3:38  Marine  
  36  3:41  Marine  
  36  3:42  SCV  
  36  3:43  SCV  
  36  3:44  Factory  
  39  3:50  Terran Infantry Armor Level 1  
  39  3:51  Marine  
  40  3:55  Orbital Command  
  40  3:56  Marine  
  40  3:59  Marine  
  42  4:09  Marine  
  43  4:14  Marine  
  43  4:15  Stimpack  
  44  4:17  Marine  
  44  4:24  SCV x2  
  47  4:36  SCV x2  
  51  4:43  Starport, Missile Turret  
  51  4:44  Factory Reactor  
  49  4:46  Marine x2  
  49  4:48  SCV  
  49  4:49  SCV, Marine  
  54  5:04  Supply Depot  
  54  5:05  Supply Depot  
  54  5:11  SCV x2  
  56  5:14  Supply Depot  
  56  5:17  Marine x2, Supply Depot  
  56  5:18  Marine  
  59  5:23  SCV  
  59  5:26  Refinery  
  60  5:31  Refinery, SCV  
  60  5:34  Medivac  
  60  5:35  Marine x2, Medivac  
  65  5:41  Supply Depot  
  67  5:51  Supply Depot  
  67  5:53  Marine  
  67  5:54  Marine x2, Combat Shield  
  70  6:01  Barracks  
  70  6:04  Barracks, Medivac  
  72  6:11  Marine x2  
  72  7:10  Missile Turret  
  72  7:12  Missile Turret  
  72  7:13  Missile Turret  
Show
View Real Time Build Order
Export as new Build Order

qqq Zerg 

Build Orders: Hatch First 

Get SALT Encoding   

  12  0:02  Drone  
  13  0:09  Drone  
  14  0:44  Hatchery  
  13  0:50  Spawning Pool  
  13  0:54  Drone  
  13  0:58  Extractor  
  12  1:07  Overlord  
  12  1:09  Drone  
  13  1:14  Drone  
  14  1:31  Drone  
  14  1:32  Drone  
  16  1:37  Queen  
  18  1:45  Zergling x2  
  19  1:52  Overlord  
  19  2:02  Metabolic Boost  
  19  2:05  Zergling x2  
  20  2:09  Drone  
  20  2:11  Zergling x2  
  20  2:13  Zergling x2  
  23  2:23  Zergling x2  
  23  2:26  Zergling x2  
  25  2:47  Drone x2  
  27  3:02  Hatchery  
  27  3:03  Drone x4  
  30  3:07  Extractor  
  30  3:09  Drone  
  30  3:15  Overlord  
  30  3:20  Drone  
  30  3:22  Drone  
  32  3:39  Lair  
  32  3:40  Drone  
  33  3:41  Drone  
  33  3:44  Drone x2  
  33  3:45  Drone  
  37  4:05  Drone  
  37  4:06  Zergling x2  
  37  4:07  Hatchery  
  38  4:15  Drone x3  
  41  4:33  Drone x2  
  41  4:34  Drone  
  44  4:38  Spire  
  44  4:43  Drone  
  44  4:44  Drone  
  45  4:46  Zergling x8  
  45  4:47  Zergling x2  
  50  5:06  Overlord x2  
  50  5:13  Overlord  
  50  5:15  Infestation Pit  
  49  5:22  Zergling x6  
  49  5:24  Drone x5  
  49  5:25  Drone x2  
  59  5:36  Drone  
  59  5:38  Drone x3  
  63  5:51  Mutalisk x4  
  54  6:14  Extractor x2  
  54  6:18  Extractor  
  45  6:19  Drone x5  
  45  6:20  Drone x4  
  49  6:48  Spawning Pool  
Show
View Real Time Build Order
Export as new Build Order

Massa Terran 

Build Orders:  

Get SALT Encoding   

  12  0:13  SCV  
  13  0:15  Supply Depot  
  13  0:25  SCV  
  14  0:38  Barracks  
  14  0:39  SCV  
  15  0:51  SCV  
  16  0:57  Supply Depot  
  16  1:03  SCV  
  17  1:06  Barracks  
  17  1:15  SCV  
  18  1:31  SCV  
  18  1:32  Barracks  
  19  1:34  Refinery  
  19  1:37  Marine  
  20  1:46  Orbital Command  
  20  1:54  Marine  
  20  1:59  Barracks  
  21  2:02  Marine  
  22  2:12  Marine  
  23  2:19  Marine  
  23  2:20  Marine  
  25  2:29  Marine  
  26  2:37  Marine  
  26  2:38  Marine  
  28  2:47  Marine  
  29  3:09  Barracks Tech Lab, Command Center  
  29  3:16  Engineering Bay  
  29  3:29  Combat Shield  
  29  3:31  Marine  
  29  3:32  Marine  
  31  3:42  Engineering Bay  
  31  3:43  Supply Depot  
  31  3:46  Supply Depot  
  31  3:52  Factory  
  31  4:04  SCV, Marine  
  33  4:17  SCV  
  34  4:29  SCV  
  35  4:37  Factory Tech Lab  
  35  4:41  SCV  
  36  4:46  Missile Turret  
  36  4:53  SCV, Command Center  
  37  5:02  SCV  
  38  5:07  Missile Turret  
  38  5:08  Missile Turret  
  38  5:14  SCV, Siege Tank  
  42  5:23  Terran Infantry Weapons Level 1  
  42  5:26  SCV x2  
  42  5:28  Missile Turret  
  44  5:38  SCV x2  
  44  5:42  Refinery  
  46  5:50  SCV x2  
  46  5:53  Barracks Reactor  
  48  6:02  SCV  
  42  6:14  Marauder, Marine x2  
  40  6:31  Marine  
  40  6:32  Marine  
  42  6:35  Marauder  
  44  6:49  Marine  
  44  6:50  Marine  
  46  6:54  Marine x2  
  46  6:57  Marauder  
Tags
 
Add a new tag
Caveats
  • Supply blocks, unpowered buildings, or Contaminate may cause inaccurate times.
  • Supply counts are checked every 10 seconds.